 Dungeon Sprint DCSS version 0.25.1-4-g9407a263a5 (webtiles) character file.

Game seed: 11375645757236562209

16 Atelerd the Shield-Bearer (level 2, 0/23 HPs)
             Began as an Octopode Fighter on Nov 25, 2020.
             Was a Follower of Makhleb.
             Slain by Hyceih the pandemonium lord (2 damage)
             ... in the Dungeon (Sprint V: "Ziggurat Sprint").
             The game lasted 00:01:37 (97 turns).

Atelerd the Shield-Bearer (Octopode Fighter)          Turns: 97, Time: 00:01:38

Health: 0/23       AC:  1    Str: 27    XL:     2   Next: 54%
Magic:  2/2        EV: 10    Int: 22    God:    Makhleb [*.....]
Gold:   0          SH: 30    Dex: 23    Spells: 1/1 levels left

rFire    + . .     SeeInvis +   G - +14 obsidian axe {vorpal, +Fly SInv *Curse} (curse)
rCold    . . .     Gourm    .   H - +18 shield of the Gong {rElec rN+ MR+ EV-5}
rNeg     + . .     Faith    .   (helmet restricted)
rPois    +         Spirit   .   (no amulet)
rElec    +         Reflect  .   n - ring "Cusotz" {*Drain rPois rF+ MR+ rCorr}
rCorr    +         Harm     .   x - +6 ring of dexterity
MR       ++...     NoTele   +   y - +6 ring of dexterity
Stlth    +++.......             z - +6 ring of intelligence
HPRegen  0.07/turn              A - +6 ring of intelligence
MPRegen  0.08/turn              B - +6 ring of strength
                                C - +6 ring of strength
                                (no ring)

@: mesmerised, very slightly contaminated
A: almost no armour, stealthy swim, amphibious, 8 rings, constrict 8, camouflage
1, gelatinous body 1
a: Renounce Religion, Evoke Flight


You were in the Dungeon.
You worshipped Makhleb.
Makhleb was aware of your devotion.
You were not hungry.

You visited 1 branch

Inventory:

Hand Weapons
 a - a +0 war axe
 G - the cursed +14 obsidian axe (weapon) {vorpal, +Fly SInv *Curse}
   (You found it in the Dungeon)

   It inflicts extra damage upon your enemies.
   It lets you see invisible.
   It lets you fly.
   It curses itself when equipped.
   It has a curse placed upon it.
Armour
 b - a +0 kite shield
 H - the +18 shield of the Gong (worn) {rElec rN+ MR+ EV-5}
   (You found it in the Dungeon)

   It affects your evasion (-5).
   It insulates you from electricity.
   It protects you from negative energy.
   It affects your resistance to hostile enchantments.
Jewellery
 n - the ring "Cusotz" (left tentacle) {*Drain rPois rF+ MR+ rCorr}
   (You found it in the Dungeon)

   [ring of resist corrosion]

   It protects you from fire.
   It protects you from poison.
   It affects your resistance to hostile enchantments.
   It provides partial protection from all sources of acid and corrosion.
   It causes draining when unequipped.
 w - an uncursed ring of flight
 x - a +6 ring of dexterity (right tentacle)
 y - a +6 ring of dexterity (on tentacle)
 z - a +6 ring of intelligence (on tentacle)
 A - a +6 ring of intelligence (on tentacle)
 B - a +6 ring of strength (on tentacle)
 C - a +6 ring of strength (on tentacle)
Wands
 D - a wand of disintegration (7)
 E - a wand of iceblast (7)
 F - a wand of acid (7)
Scrolls
 j - 3 scrolls of blinking
 p - 4 scrolls of amnesia
 q - 7 scrolls of fog
 s - 5 scrolls of identify
 t - 5 scrolls of remove curse
 u - 2 scrolls of fear
Potions
 c - 6 potions of might
 e - 10 potions of curing
 f - 9 potions of heal wounds
 g - 6 potions of haste
 h - 7 potions of magic
 i - 3 potions of berserk rage
 k - 2 potions of brilliance
 l - 2 potions of invisibility
 m - 4 potions of resistance
 o - 5 potions of stabbing
Miscellaneous
 v - a lightning rod (4/4)
Comestibles
 d - 7 rations
 I - 2 chunks of flesh


   Skills:
 + Level 4.5 Fighting
 + Level 3.9 Axes
 + Level 4.5 Dodging
 * Level 5.7 Shields


You had one spell level left.
You didn't know any spells.
Your spell library was empty.

Dungeon Overview and Level Annotations

Branches:
Dungeon (1/1)

Altars:
Ashenzari
Cheibriados
Dithmenos
Elyvilon
Fedhas
Gozag
Hepliaklqana
Kikubaaqudgha
Makhleb
Nemelex Xobeh
Okawaru
Qazlal
Ru
Sif Muna
Trog
Uskayaw
Vehumet
Wu Jian
Xom
Yredelemnul
Zin
The Shining One
Beogh
Jiyva
Lugonu

Annotations:
D 1 transporter


Innate Abilities, Weirdness & Mutations

You cannot wear most types of armour.
You are very stealthy in the water. (Stealth+)
You are amphibious.
You can wear up to eight rings at the same time.
You can use your tentacles to constrict eight enemies at once.
Your skin changes colour to match your surroundings (Stealth+).
Your rubbery body absorbs attacks. (AC +1, EV +1)


Message History

BONNNG!
You block the soul eater's attack.
SHROANNG!
You block Hyceih's attack.
GONNNNG!
Unknown command.
Unknown command.
Unknown command.
Unknown command.
You slice the soul eater!!
You squeeze the soul eater, but do no damage.
The soul eater is almost dead.
You hit Hyceih but do no damage.
Visions of slaying Hyceih flood into your mind.
You constrict the soul eater, but do no damage.
Hyceih hits you!!
Ouch! That really hurt!
* * * LOW HITPOINT WARNING * * *
Hyceih burns you.
You die...

▓▓▓▓▓▓▓▓▓▓▓▓▓
▓.8©8.▓.8©8.▓
▓.:)".▓.....▓
▓3.@..▓.÷.|.▓
▓..&3.▓.....▓
▓.....▓.....▓
▓.....▓..©..▓
▓..©..▓▓▓▓▓▓▓
▓▓▓▓▓▓▓


You could see Hyceih (mesmerising, dazed), a soul eater (dazed) and a friendly
ynoxinul (summoned).

Vanquished Creatures
  A white imp (D)
  2 ball pythons (D)
3 creatures vanquished.

Notes
Turn   | Place    | Note
-------+----------+-------------------------------------------
     0 | D        | Atelerd the Octopode Fighter began the quest for the Orb.
     0 | D        | Reached XP level 1. HP: 16/16 MP: 1/1
     0 | D        | Found a shimmering blue altar of Sif Muna.
     0 | D        | Found a bloodstained altar of Trog.
     0 | D        | Found a sacrificial altar of Ru.
     0 | D        | Found a stormy altar of Qazlal.
     0 | D        | Found an iron altar of Okawaru.
     1 | D        | Found a sparkling altar of Nemelex Xobeh.
     1 | D        | Found a blossoming altar of Fedhas.
     2 | D        | Found the +6 Majin-Bo {vamp, Archmagi MP+6 Int+6}
     2 | D        | Found the +7 great mace "Firestarter" {inner flame, rF++}
     3 | D        | Found a transporter.
     3 | D        | Found an ancient bone altar of Kikubaaqudgha.
     3 | D        | Found a viscous altar of Jiyva.
     3 | D        | Found a corrupted altar of Lugonu.
     3 | D        | Found a hazy altar of Hepliaklqana.
     3 | D        | Found a burning altar of Makhleb.
     3 | D        | Found an opulent altar of Gozag.
    28 | D        | Found the +9 heavy crossbow "Sniper" {vorpal, Acc+∞ SInv}
    28 | D        | Found the +10 dark maul {vorpal}
    28 | D        | Found the +15 Maxwell's patent armour {-Cast -Tele rElec
                  | MR+ rCorr}
    28 | D        | Found the +18 shield of the Gong {rElec rN+ MR+ EV-5}
    28 | D        | Found the cursed +14 obsidian axe {vorpal, +Fly SInv
                  | *Curse}
    29 | D        | Found the +6 shillelagh "Devastator" {shatter}
    29 | D        | Found the +11 plutonium sword {*Contam Stlth-}
    29 | D        | Found the +8 lance "Wyrmbane" {slay drac, rPois rF+ rC+
                  | AC+3}
    29 | D        | Found the +9 sword of Zonguldrok {reap}
    29 | D        | Found the cursed +13 scythe of Curses {drain, *Curse}
    29 | D        | Found the +0 sword of Power
    29 | D        | Found the +7 mace of Variability {chain chaos}
    29 | D        | Found the +7 Singing Sword {vorpal, sonic wave}
    29 | D        | Found the +8 storm bow {elec, penet}
    35 | D        | Became a worshipper of Makhleb the Destroyer
    64 | D        | Reached skill level 5 in Shields
    64 | D        | Reached XP level 2. HP: 23/23 MP: 2/2
    65 | D        | Entered arena 2.
    65 | D        | Found a transporter.
    71 | D        | Got the ring "Cusotz" {*Drain rPois rF+ MR+ rCorr}
    88 | D        | Entered arena 3.
    88 | D        | Noticed Hyceih the pandemonium lord
    88 | D        | Noticed a soul eater
    88 | D        | Found a transporter.
    93 | D        | Reached * piety under Makhleb
    97 | D        | Slain by Hyceih the pandemonium lord

Illustrated notes

Levels and vault maps discovered:
D:        sprint_v [room_start, room_1, room_2, room_3, room_4, room_5, room_6,
          room_7, room_8, room_9, room_10, room_11, room_12, room_13, room_14,
          room_15, room_16, room_17, room_18, room_19, room_20, room_21,
          room_22, room_23, room_24, room_25, room_26, room_27]

Skill      XL: |  1 |
---------------+----+-----
Fighting       | 4 |  4.5
Axes           | 3 |  3.9
Dodging        | 4 |  4.5
Shields        | 5 |  5.7

Action                   || total
-------------------------++-------
Melee: Broad axe         ||     5
       Tentacles         ||     2
       Constrict         ||     1
  Use: Potion            ||     2
       Scroll            ||     2
 Stab: Sleeping          ||     2
Dodge: Dodged            ||     2
Block: Kite shield       ||    15
